 Dungeon Crawl Stone Soup version 0.18.1-47-g9310371 (console) character file.

1082 Kloppie the Basher (level 8, -6/61 HPs)
             Began as a Human Fighter on June 22, 2016.
             Mangled by Pikel
             ... wielding a +2 whip of electrocution
              (17 damage)
             ... on level 5 of the Dungeon.
             The game lasted 00:08:32 (5277 turns).

Kloppie the Basher (Human Fighter)                  Turns: 5277, Time: 00:08:33

Health: -6/61      AC: 17    Str: 16    XL:     8   Next: 55%
Magic:  8/8        EV:  8    Int:  9    God:
Gold:   204        SH:  9    Dex: 18    Spells: 0 memorised, 7 levels left

rFire  . . .     SeeInvis .     a - +0 flail (protect)
rCold  . . .     Gourm    .     b - +0 scale mail
rNeg   . . .     Faith    .     c - +0 shield
rPois  .         Spirit   .     n - +1 hat
rElec  .         Dismiss  .     u - +0 cloak
rCorr  .         Reflect  .     z - +0 pair of gloves
SustAt .         Harm     .     k - +1 pair of boots
MR     .....                    (no amulet)
Stlth  ..........               v - +3 ring of dexterity
                                s - +2 ring of evasion

@: not resistant to hostile enchantments, extremely unstealthy
A: no striking features
a: no special abilities


You were on level 5 of the Dungeon.
You were not hungry.

You visited 1 branch of the dungeon, and saw 5 of its levels.

You collected 204 gold pieces.

Inventory:

Hand Weapons
 a - a +0 flail of protection (weapon)
 e - a +0 flail of holy wrath
 y - a +0 flail
Armour
 b - a +0 scale mail (worn)
 c - a +0 shield (worn)
 k - a +1 pair of boots (worn)
 n - a +1 hat (worn)
 u - a +0 cloak (worn)
 z - a +0 pair of gloves (worn)
Jewellery
 s - a +2 ring of evasion (left hand)
 v - a +3 ring of dexterity (right hand)
Wands
 r - a wand of teleportation (8/9)
Scrolls
 h - a scroll of amnesia
 m - a scroll of recharging
 o - 6 scrolls of remove curse
 q - a scroll of magic mapping
Potions
 d - a potion of lignification {unknown}
 i - a potion of degeneration {unknown}
 j - a potion of heal wounds
 p - a potion of flight {unknown}
 t - a potion of mutation {unknown}
 w - 3 potions of curing {unknown}
 x - 2 potions of magic {unknown}
Books
 A - a book of Summonings

   Spells                             Type                      Level
   a - Recall                         Summoning/Translocation      3
   b - Aura of Abjuration             Summoning                    5
   c - Summon Demon                   Summoning                    5
   d - Summon Forest                  Summoning/Translocation      5
   e - Summon Mana Viper              Hexes/Summoning              5
   f - Shadow Creatures               Summoning                    6
Comestibles
 f - 2 bread rations
 g - 7 fruits
 l - 4 slices of pizza


   Skills:
 + Level 4.5 Fighting
 + Level 9.1 Maces & Flails
 - Level 3.0 Armour
 - Level 3.0 Shields


You had 7 spell levels left.
You didn't know any spells.

Dungeon Overview and Level Annotations

Branches:
Dungeon (5/15)
 Temple: D:4-7

Altars:
Elyvilon
Makhleb
Vehumet
The Shining One

Annotations:
D:5 Pikel


Message History

You hit Pikel.
Pikel is lightly wounded.
You block Pikel's attack.
You closely miss Pikel.
Pikel is lightly wounded.
Pikel hits you but does no damage.
You are electrocuted!
* * * LOW HITPOINT WARNING * * *
Pikel says, "You'll fetch a fair price!"
Pikel hits you with a whip of electrocution.
* * * LOW HITPOINT WARNING * * *
You are electrocuted!
* * * LOW HITPOINT WARNING * * *
Your shield and scale mail prevent you from hitting Pikel.
Pikel is lightly wounded.
Pikel cracks his whip.
Pikel hits you but does no damage.
You sock Pikel!
Pikel is moderately wounded.
Pikel hits you but does no damage.
You are electrocuted!
You die...

######### *.......*
*,.....,*************
*,,...,,,,,,,,,,,,,,,
***#.#*************** #@#
#K# #####p################
#....p................
#..........###########
#####...................##
#.........................
#.........................
#.........................


You could see Pikel and 2 slaves.

Vanquished Creatures
  Grinder (D:5)
  Edmund (D:4)
  A sky beast (D:4)
  2 slaves (D:5)
  An ogre (D:4)
  A scorpion (D:5)
  3 orc priests (D:4)
  5 orc wizards (D:4)
  An iguana (D:4)
  5 worker ants
  A howler monkey skeleton (D:4)
  6 adders
  A shadow imp (D:5)
  An ooze (D:3)
  An adder skeleton (D:4)
  3 worms
  2 dart slugs
  6 giant geckos
  12 orcs
  A ball python (D:5)
  10 bats
  6 giant cockroaches
  9 goblins
  4 hobgoblins
  2 jackals (D:4)
  9 kobolds
  3 quokkas
  8 giant newts
  7 rats
113 creatures vanquished.

Notes
Turn   | Place    | Note
--------------------------------------------------------------
     0 | D:1      | Kloppie the Human Fighter began the quest for the Orb.
     0 | D:1      | Reached XP level 1. HP: 18/18 MP: 1/1
   327 | D:1      | Reached XP level 2. HP: 24/24 MP: 2/2
   635 | D:1      | Reached skill level 3 in Maces & Flails
  1003 | D:2      | Reached XP level 3. HP: 28/29 MP: 3/3
  1015 | D:2      | Found a glowing golden altar of the Shining One.
  1475 | D:2      | Reached XP level 4. HP: 31/35 MP: 4/4
  1493 | D:2      | Found a white marble altar of Elyvilon.
  1498 | D:2      | Found a radiant altar of Vehumet.
  1641 | D:2      | Reached skill level 4 in Maces & Flails
  1707 | D:2      | Found a burning altar of Makhleb.
  1707 | D:2      | Noticed a green death
  2253 | D:3      | Reached XP level 5. HP: 27/41 MP: 5/5
  2667 | D:3      | Reached skill level 5 in Maces & Flails
  3317 | D:4      | Reached XP level 6. HP: 42/47 MP: 6/6
  3354 | D:4      | Reached skill level 6 in Maces & Flails
  3695 | D:4      | Reached XP level 7. HP: 9/52 MP: 7/7
  3704 | D:4      | Reached skill level 7 in Maces & Flails
  4128 | D:4      | Noticed Edmund
  4155 | D:4      | Killed Edmund
  4177 | D:4      | Reached skill level 8 in Maces & Flails
  4539 | D:4      | Reached XP level 8. HP: 58/58 MP: 8/8
  4860 | D:5      | Entered Level 5 of the Dungeon
  5059 | D:5      | Noticed Pikel
  5067 | D:5      | Noticed Grinder
  5204 | D:5      | Paralysed by Grinder for 6 turns
  5240 | D:5      | Killed Grinder
  5240 | D:5      | Reached skill level 9 in Maces & Flails
  5277 | D:5      | Mangled by Pikel

Skill      XL: |  1  2  3  4  5  6  7  8 |
---------------+-------------------------+-----
Maces & Flails | 3 4 5 6 8 9 |  9.1
Fighting       | 4 |  4.5
Armour         | |  3.0
Shields        | |  3.0

Action                   |  1- 3 |  4- 6 |  7- 9 || total
-------------------------+-------+-------+-------++-------
Melee: Flail             |   125 |   276 |   187 ||   588
Evoke: Wand              |       |       |     1 ||     1
  Use: Potion            |       |     3 |     3 ||     6
       Scroll            |       |     3 |     5 ||     8
  Eat: Chunk             |     2 |     8 |     5 ||    15
Armor: Scale mail        |    71 |   172 |    70 ||   313
Dodge: Dodged            |    30 |    82 |    32 ||   144
Block: Shield            |    78 |   140 |    57 ||   275
